[Event "Israel-ch Semi-final 2022"]
[Site "Ramat Gan"]
[Date "2022.05.16"]
[Round "2.4"]
[White "Levin, Guy"]
[Black "Chernomordik, Pavel"]
[Result "1/2-1/2"]
[ECO "E60"]
[WhiteElo "2354"]
[BlackElo "2178"]
[Annotator "TA"]
[PlyCount "54"]
[EventDate "2022.05.09"]
[EventType "swiss"]
[EventCountry "ISR"]
[SourceTitle "playchess.com"]
[Source "ChessBase"]
[SourceQuality "1"]
[TimeControl "40/5400+30:1800+30"]

1. Nf3 d6 2. d4 g6 3. g3 Bg7 4. Bg2 c5 5. O-O cxd4 6. Nxd4 Nf6 7. c4 O-O 8. b3 Qa5 9. Bb2 a6 10. Nc3 Qh5 {[%emt 0:05:00] E60: King's Indian: Unusual lines and Fianchetto Variation without Nc3.} 11. e3 Bg4 12. Qd2 e5 {[%emt 0:11:29] White is slightly better.} 13. Nc2 {[%emt 0:03:42] White is more active.} (13. Bxb7 Ra7 14. Bg2 exd4 15. Qxd4 Qc5 $15) 13... Nc6 14. Nd5 {[%emt 0:12:01] [#]} (14. Qxd6 $6 Rad8 15. Qc7 Rd7 $11) 14... Rad8 $146 ({Predecessor:} 14... Nxd5 15. Qxd5 Rad8 16. e4 Kh8 17. f3 Be6 18. Qd3 f5 19. Ba3 Rf7 20. b4 Qg5 {0-1 (48) Splichal,S (2115)-Sluka,R (2304) Tatranske Zruby 2013}) 15. Nxf6+ Bxf6 16. Nb4 Nxb4 17. Qxb4 Bf3 18. Bxf3 Qxf3 19. Rfd1 h5 $1 {[%emt 0:03:33] The position is equal.} 20. Rd5 (20. Rxd6 $2 a5 21. Qd2 Rxd6 22. Qxd6 Rd8 $19) 20... h4 21. Qe1 hxg3 ({Much less strong is} 21... h3 22. Qf1 $16) 22. hxg3 Kg7 {[%emt 0:05:54] [#] ( -> ...Rh8)} 23. Qd1 Qe4 24. Qd3 Qg4 {[%emt 0:07:29] Strongly threatening ...Rh8.} 25. Qd1 $1 ({But not} 25. Rxd6 $2 Rxd6 26. Qxd6 Rd8 $19) 25... Qe4 {[%emt 0:01:12] Threatens to win with ...Rh8.} 26. Qd3 Qg4 {[%emt 0:01:26] [#] ...Rh8 is the strong threat.} 27. Qd1 ({Not} 27. Rxd6 $2 Rxd6 28. Qxd6 Rd8 $19) 27... Qe4 {[%emt 0:01:12] Weighted Error Value: White=0.07 (flawless) /Black=0.03 (flawless)} 1/2-1/2

[Event "Israel-ch Semi-final 2022"]
[Site "Ramat Gan"]
[Date "2022.05.16"]
[Round "2.5"]
[White "Lahav, Michal"]
[Black "Aharonovich, Itamar"]
[Result "0-1"]
[ECO "C45"]
[WhiteElo "2199"]
[BlackElo "2324"]
[Annotator "TA"]
[PlyCount "140"]
[EventDate "2022.05.09"]
[EventType "swiss"]
[EventCountry "ISR"]
[SourceTitle "playchess.com"]
[Source "ChessBase"]
[SourceQuality "1"]
[TimeControl "40/5400+30:1800+30"]

1. e4 e5 2. Nf3 Nc6 3. d4 exd4 4. Nxd4 Nf6 5. Nxc6 bxc6 6. e5 Qe7 7. Qe2 Nd5 8. h4 Qe6 {[%emt 0:01:10] C45: Scotch Game.} 9. a3 {[%emt 0:11:46] [#]} (9. Nd2 $11) 9... d6 $146 ({Predecessor:} 9... Bc5 10. c4 Ne7 11. Nd2 d6 12. exd6 cxd6 13. Nb3 Bb6 14. Bg5 f6 15. Bf4 Nf5 16. O-O-O Qxe2 17. Bxe2 Bxf2 {1-0 (53) Bugayev,V-Estrada Nieto,J (2280) Chess.com INT 2021}) 10. c4 Nb6 {[%emt 0:00:05] Black has an edge.} 11. Bf4 dxe5 12. Qxe5 Bd6 13. Qxe6+ Bxe6 14. Bxd6 cxd6 15. Nd2 O-O-O 16. O-O-O a5 17. Bd3 Kc7 18. Rhe1 Nd7 19. Bc2 h6 20. Ne4 Nc5 21. Nxc5 dxc5 22. Re4 Rd6 23. Rxd6 Kxd6 $11 {[%emt 0:00:07][%mdl 4096] Endgame KRB-KRB} 24. Bd3 g5 25. Kd2 f5 26. Re1 Rb8 27. hxg5 hxg5 28. Kc3 Rh8 {[%emt 0:00:20] Inhibits Rh1.} 29. g3 Rh2 30. Re2 Rh3 31. Rd2 Ke5 32. Bf1 Rh1 33. Bd3 Rc1+ 34. Kb3 {[%emt 0:00:28] Black must now prevent Ka4.} f4 35. Re2+ Kd6 36. gxf4 gxf4 37. Bc2 Bg4 38. f3 $2 (38. Rd2+ $11 {and White has nothing to worry.} Ke5 39. Bd3) 38... Bxf3 $19 39. Rf2 a4+ $1 40. Kxa4 {[%emt 0:00:33] [#]} Rxc2 $1 41. Rxf3 (41. Rxc2 Bd1 42. Kb3 f3) 41... Rxc4+ {[%emt 0:30:04] KR-KR} 42. Kb3 Re4 (42... Kd5 $1 $19 {And now ...Rd4 would win.} 43. Rf1 Rd4) 43. a4 (43. Kc3 $17 {was called for.}) 43... Rb4+ $1 44. Ka3 Kd5 45. b3 Rd4 $2 ({Black should try} 45... Ke4 $19 46. Rc3 f3 47. Rxc5 f2 48. Kxb4 f1=Q 49. Rxc6 Qf8+ 50. Kc3 Qg7+ 51. Kc2 Qa1) 46. a5 $2 {[%emt 0:00:00][%mdl 8192] Loses the game.} (46. Rc3 $15) 46... Ke4 47. Rc3 f3 48. Rxc5 f2 49. Rc1 c5 (49... Ke3 $142 {( -> ...Rf4)} 50. a6 c5) 50. Ra1 Kd3 (50... Ke3 $142 51. Rf1 Ke2 52. Rh1 f1=Q 53. Rxf1 Kxf1 54. Ka2 Ke2 55. Kb2 Kd3 56. Ka3 Kc3 57. a6 Rd6 58. Ka4 Rxa6+ 59. Kb5 Ra5+ $3 60. Kxa5 Kxb3 61. Kb6 c4 62. Kc5 c3 63. Kd6 Kc4 64. Ke6 c2 65. Kf5 c1=Q 66. Kg4 Qe3 67. Kf5 Kd5 68. Kf6 Qf4+ 69. Kg6 Ke6 70. Kg7 Qg4+ 71. Kh6 Kf7 72. Kh7 Qh5#) 51. a6 Ke2 (51... Rd6 $142 52. Kb2 {[#]} Rxa6 $3 53. Rxa6 f1=Q 54. Rd6+ Ke4 55. Rd2 c4 56. bxc4 Qxc4 57. Rg2 Kf3 58. Rd2 Qb4+ 59. Kc2 Ke3 60. Rd3+ Ke2 61. Rc3 Qa4+ 62. Rb3 Qa5 63. Rb2 Qc5+ 64. Kb3+ Kd3 65. Ka4 Qa7+ 66. Kb4 Qb6+ 67. Ka3 Qf6 68. Kb3 Qg7 69. Rb1 Qb7+ 70. Ka2 Qd5+ 71. Ka1 Kc3 72. Rb2 Qh1+ 73. Ka2 Qd1 74. Rh2 Qa4+ 75. Kb1 Qe4+ 76. Ka2 Qa8+ 77. Kb1 Qb8+ 78. Ka2 Qxh2+ 79. Ka3 Qb2+ 80. Ka4 Qb4#) 52. a7 Rd8 53. Ka4 Ra8 54. Kb5 {[%emt 0:00:25] [#]} Rxa7 $3 55. Rxa7 f1=Q {[%emt 0:00:05] KQ-KR} 56. Rc7 Qb1 57. Rxc5 Qxb3+ 58. Kc6 Kd3 59. Rd5+ Kc4 (59... Ke4 $142 60. Rd8 Qa4+ 61. Kb6 Kf5 62. Kc7 Qa5+ 63. Kd7 Qd5+ 64. Kc7 Qc4+ 65. Kd7 Qd5+ 66. Kc7 Qc4+ 67. Kd6 Qe6+ 68. Kc7 Qe7+ 69. Kc8 Ke6 70. Rg8 Qf7 71. Rh8 Qg7 72. Rd8 Qa7 73. Rd1 Qc5+ 74. Kb8 Qb4+ 75. Kc8 Qc4+ 76. Kd8 Qb3 77. Kc8 Qxd1 78. Kc7 Qd5 79. Kc8 Qd7+ 80. Kb8 Kd6 81. Ka8 Kc7 82. Ka7 Qa4#) 60. Rc5+ Kd4 {[%emt 0:01:22] Black mates.} 61. Rb5 Qe6+ 62. Kb7 Kc4 63. Rb6 Qd7+ 64. Kb8 Kc5 65. Rb7 Qd8+ 66. Ka7 Kc6 67. Rh7 Qd4+ 68. Kb8 Qb4+ 69. Ka8 Qa3+ 70. Kb8 Qb3+ {[%emt 0:00:18] Weighted Error Value: White=0.89/Black=0.61} 0-1

[Event "Israel-ch Semi-final 2022"]
[Site "Ramat Gan"]
[Date "2022.05.16"]
[Round "2.6"]
[White "Ribshtein, Nati"]
[Black "Yaniv, Ori"]
[Result "1/2-1/2"]
[ECO "E04"]
[WhiteElo "2286"]
[BlackElo "2143"]
[Annotator "TA"]
[PlyCount "111"]
[EventDate "2022.05.09"]
[EventType "swiss"]
[EventCountry "ISR"]
[SourceTitle "playchess.com"]
[Source "ChessBase"]
[SourceQuality "1"]
[TimeControl "40/5400+30:1800+30"]

1. d4 Nf6 2. c4 e6 3. g3 Bb4+ 4. Nd2 O-O 5. Bg2 d5 6. Ngf3 dxc4 7. Qc2 a5 {[%emt 0:00:23] E04: Open Catalan: 5 Nf3.} 8. a3 $1 {[%emt 0:00:58] 8.a3 is better than 8.0-0.} Be7 (8... Bxd2+ $5 9. Bxd2 b5 $11) 9. Nxc4 b5 {[%emt 0:09:31] White has an edge.} 10. Nce5 Bb7 11. O-O Be4 {[%emt 0:06:48] Against Qd3} 12. Qb3 Qd5 13. Qxd5 Nxd5 14. Bd2 {[%emt 0:07:22] [#]} c5 $146 (14... Rd8 $11) ({Predecessor:} 14... f6 15. Ng4 Nd7 16. Ne3 N7b6 17. Nxd5 Bxd5 18. Rfc1 Rfc8 19. Be1 a4 20. Bc3 c5 21. dxc5 Bxc5 {½-½ (46) Korpa,B (2482)-Horvath,A (2476) Austria 2018}) 15. dxc5 $14 Bxc5 16. Rac1 Bb6 17. Bh3 h6 18. a4 (18. Rfd1 $14) 18... b4 19. Rc4 Nf6 20. Rfc1 (20. Rcc1 $11) 20... Bd5 $1 $15 21. Rc8 Nbd7 $1 22. Rxa8 Rxa8 23. Bg2 Nc5 24. Nc4 (24. Be3 $142 Nxa4 25. Bxb6 Nxb6 26. Nd3) 24... Nxa4 ({Black should try} 24... Bxc4 25. Rxc4 Rd8) 25. b3 $17 Bxc4 26. Rxc4 {[%emt 0:00:07] [#]} Nc5 27. Be3 Ncd7 28. Nd4 Nd5 ({Better is} 28... Ra7 $17) 29. Bxd5 $11 exd5 30. Rc6 a4 31. bxa4 Rxa4 {[%emt 0:00:06] [#] aiming for ...Bxd4.} 32. Rd6 $1 Bxd4 33. Bxd4 {[%emt 0:00:07][%mdl 4096] Endgame KRB-KRN} b3 34. Rxd5 Nb6 35. Bxb6 {[%emt 0:04:42] KRB-KR} (35. Rb5 $1 $11 {was the only way to keep the balance.} Rxd4 36. Rxb6) 35... b2 $17 36. Rb5 Ra1+ 37. Kg2 b1=Q 38. Rxb1 Rxb1 {[%emt 0:00:08] KR-KB} 39. Bd4 f6 40. g4 Kf7 41. e3 Ke6 42. Kf3 Rg1 43. h3 h5 44. gxh5 Rg5 45. h6 g6 46. h4 Rh5 47. Kg4 f5+ 48. Kg3 Rxh6 49. Bb6 Kd5 50. Bd8 Ke4 51. f3+ Kd3 (51... Ke5 $15) 52. Kf4 $11 {[%emt 0:00:00] The position is equal.} Rh8 53. Bf6 Re8 (53... Rh5 $5 ) 54. Bd4 Re6 55. h5 gxh5 {[%emt 0:00:00] ( -> ...h4)} 56. Kxf5 {[%emt 0:00:06] Weighted Error Value: White=0.10 (very precise) /Black=0.09 (flawless)} 1/2-1/2

[Event "Israel-ch Semi-final 2022"]
[Site "Ramat Gan"]
[Date "2022.05.23"]
[Round "3.1"]
[White "Yaniv, Yuval"]
[Black "Dvoirys, Semen I."]
[Result "0-1"]
[ECO "B23"]
[WhiteElo "2301"]
[BlackElo "2439"]
[Annotator "TA"]
[PlyCount "76"]
[EventDate "2022.05.09"]
[EventType "swiss"]
[EventCountry "ISR"]
[SourceTitle "playchess.com"]
[Source "ChessBase"]
[SourceQuality "1"]
[TimeControl "40/5400+30:1800+30"]

1. e4 c5 2. Nc3 d6 3. d4 cxd4 4. Qxd4 Nc6 5. Qd2 Nf6 6. b3 {[%emt 0:00:21] B23: Closed Sicilian: Lines without g3.} e6 7. Bb2 a6 {[%emt 0:01:23] 7...d5 is a critical line.} 8. O-O-O {[%emt 0:00:28] The position is equal.} b5 9. f3 Be7 10. Kb1 O-O 11. g4 Nd7 12. h4 Nc5 13. g5 b4 14. Na4 Nxa4 15. bxa4 e5 {[%emt 0:03:50] [#]} 16. Bc4 $146 ({Predecessor:} 16. Ne2 Na5 17. Ng3 Qc7 18. f4 Bd7 19. Nf5 Bxf5 20. exf5 Rfc8 21. f6 gxf6 22. gxf6 Bxf6 {1-0 (48) Aravindh,C (2605)-Sandipan,C (2545) Majitar 2019}) 16... Be6 17. Bb3 Na5 18. f4 Nc4 $1 19. Qxb4 (19. Qf2 $11) 19... Rb8 (19... Nxb2 $17 20. Kxb2 d5) 20. Qc3 Qb6 {[%emt 0:05:27][%mdl 1024] White must now prevent ...Rfc8. Black has compensation.} 21. Ne2 (21. f5 $11 {remains equal.} Rfc8 22. Qf3 (22. fxe6 $2 Na3+ 23. Ka1 Rxc3 $17) 22... Nxb2 23. Kxb2) 21... Rfc8 $1 $17 22. Qd3 Ne3 {[%emt 0:01:45] Black is more active.} ({Black should play} 22... Nxb2 $17 23. Kxb2 Bc4) 23. Rc1 $1 $11 d5 24. a5 Qc5 {[%emt 0:00:53] And now ...dxe4 would win.} 25. Bxe5 {[%emt 0:00:37] Bd4 is the strong threat.} dxe4 {[%emt 0:00:10] The board is on fire.} 26. Qd4 Rb7 (26... Rb4 $5 27. Qxc5 Bxc5 $11) 27. Qxc5 Bxc5 (27... Rxc5 28. Bd4 Bg4 29. Bxe3 $16 (29. Ng3 Nc4 $14)) 28. Ng3 Ba3 29. Bb2 Bd6 30. Rce1 (30. f5 $5 Bd5 31. Rh3 $11) 30... Nxc2 31. Nxe4 (31. Bxc2 Rcb8 32. Bb3 Bxb3 33. axb3 Rxb3 $17) 31... Bxf4 32. Bxc2 ({Better is} 32. Ref1 $11 Bb8 33. Rf3 (33. Bxc2 Bxa2+ 34. Kxa2 Rxc2 $15)) 32... Bxa2+ $2 {[%emt 0:00:10] [#]} 33. Ka1 $16 ({Of course not} 33. Kxa2 Rxc2 34. Rb1 Be5 $17) 33... Rxc2 (33... Be6 $142 34. Bc3 Bd2 35. Nxd2 (35. Bxd2 Rxc2 36. Nc3 Rxd2 $17) 35... Rxc3) 34. Rhf1 $2 {[%emt 0:01:07][%mdl 8192] White does not recover from this.} (34. Nc5 $1 $16 {[%cal Re1e8] is forced if you want to stay better.} Rb8 {[#]} 35. Nxa6 $1 Rcxb2 36. Nxb8 Rxb8 37. Kxa2) 34... Be6 $40 {[%emt 0:00:57][%mdl 128] aiming for ...Be5. Black attacks with force.} ({Stronger than} 34... Rcxb2 35. Nc5 Rb1+ 36. Kxa2 Rxe1 37. Rxe1 $17) 35. Rxf4 (35. Nc5 Rxc5 36. Rxf4) 35... Rcxb2 {[%emt 0:00:59][%csl Ge6][%cal Rb2a2,Bc2b2,Bb2b3,Bb3a3,Ba3a2][%mdl 32] Black is clearly winning.} ({Don't go for} 35... Rbxb2 $2 36. Nc5 $19) 36. Nc3 {[%emt 0:00:08] Against Ra2+} R2b3 {[%emt 0:00:19] ( -> ...Ra3+)} 37. Rc4 (37. Nb1 $142 Bd7 38. Rf2) 37... Ra3+ 38. Na2 Rxa2+ {[%emt 0:00:16] Weighted Error Value: White=0.45/Black=0.21 (precise)} 0-1

[Event "Israel-ch Semi-final 2022"]
[Site "Ramat Gan"]
[Date "2022.05.23"]
[Round "3.2"]
[White "Aharonovich, Itamar"]
[Black "Zemach, Nadav"]
[Result "*"]
[WhiteElo "2324"]
[BlackElo "2238"]
[Annotator "TA"]
[PlyCount "29"]
[EventDate "2022.05.09"]
[EventType "swiss"]
[EventCountry "ISR"]
[SourceTitle "playchess.com"]
[Source "ChessBase"]
[SourceQuality "1"]
[TimeControl "40/5400+30:1800+30"]

1. e4 c6 2. Nc3 d5 3. Nf3 Bg4 4. h3 Bxf3 5. Qxf3 e6 6. d4 dxe4 7. Nxe4 Qxd4 {[%emt 0:01:42] [#] An uneventful encounter. B11: Caro-Kann: Two Knights Variation.} {Predecessor:} 8. Bd3 $146 Nd7 9. c3 Qd5 10. Qg3 Ngf6 11. Nxf6+ Nxf6 12. Bc2 O-O-O 13. Be3 Qa5 14. O-O Nd5 15. Bd4 {0-1 (56) Nepomniachtchi,I (2775)-Mamedyarov,S (2765) Paris 2019} *

[Event "Israel-ch Semi-final 2022"]
[Site "Ramat Gan"]
[Date "2022.05.23"]
[Round "3.2"]
[White "Uritsky, Yonathan"]
[Black "Mordechai, Hanan"]
[Result "0-1"]
[ECO "B11"]
[WhiteElo "2072"]
[BlackElo "2313"]
[Annotator "TA"]
[PlyCount "80"]
[EventDate "2022.05.09"]
[EventType "swiss"]
[EventCountry "ISR"]
[SourceTitle "playchess.com"]
[Source "ChessBase"]
[SourceQuality "1"]
[TimeControl "40/5400+30:1800+30"]

1. e4 c6 2. Nc3 d5 3. Nf3 Bg4 4. h3 Bxf3 5. Qxf3 e6 6. d4 dxe4 7. Nxe4 Qxd4 {[%emt 0:01:42] B11: Caro-Kann: Two Knights Variation.} 8. c3 Qd5 9. Bg5 {[%emt 0:04:40] [#] Black must now prevent Rd1.} f5 {[%emt 0:18:48] The position is equal.} 10. Nd2 {[%emt 0:00:42] And now Bc4 would win.} Qxf3 11. Nxf3 {[%emt 0:00:44] aiming for 0-0-0.} ({Much worse is} 11. gxf3 Ne7 $17) 11... h6 $1 12. Bf4 {[%emt 0:02:07] Hoping for Bc4.} Nf6 13. O-O-O {[%emt 0:02:13] [#] Threatens to win with Nd4.} Nd5 $146 ({Predecessor:} 13... Nbd7 14. Nd4 Kf7 15. Bc4 Nd5 16. Bh2 g6 17. Rhe1 Re8 18. g4 Bc5 19. Re2 a6 {0-1 (63) Quesada Perez,Y (2608)-Inarkiev,E (2688) Havana 2013}) 14. Bh2 Bc5 15. Nd4 Kf7 16. Bc4 Re8 17. Rhe1 Nd7 18. Re2 Kf6 (18... Bxd4 $17 19. Rxd4 b5) 19. a4 (19. Nf3 $15) 19... a5 20. Rde1 e5 21. Bxd5 cxd5 22. Nb5 Rac8 {[%emt 0:02:36] Prevents Nc7.} 23. Kb1 {[%emt 0:00:50] [#]} (23. g4 $1 $15) 23... g5 ({Black should play} 23... Re7 $1 $17 24. b3 f4) 24. Rd1 {[%emt 0:04:38] Loses the game.} (24. f4 $1 $15) 24... Nb6 $19 25. b3 f4 26. Kb2 (26. Rc2 $142) 26... Re7 27. Bg1 e4 28. Nd4 Bd6 29. Red2 Be5 30. Nb5 Rc5 31. Re2 Re8 32. Rc1 (32. f3 $142 e3 33. g3) 32... Rec8 33. Rcc2 Nd7 34. Red2 Nb8 {[%emt 0:01:56] Black is clearly winning.} 35. Kb1 Bxc3 36. Nxc3 Rxc3 37. Rxc3 Rxc3 38. Rxd5 Rxb3+ 39. Kc2 Ra3 40. Bh2 Nc6 {[%emt 0:01:51] Weighted Error Value: White=0.48/Black=0.18 (very precise)} 0-1

[Event "Israel-ch Semi-final 2022"]
[Site "Ramat Gan"]
[Date "2022.05.23"]
[Round "3.3"]
[White "Aharonovich, Itamar"]
[Black "Zemach, Nadav"]
[Result "0-1"]
[ECO "E04"]
[WhiteElo "2324"]
[BlackElo "2238"]
[Annotator "TA"]
[PlyCount "62"]
[EventDate "2022.05.09"]
[EventType "swiss"]
[EventCountry "ISR"]
[SourceTitle "playchess.com"]
[Source "ChessBase"]
[SourceQuality "1"]
[TimeControl "40/5400+30:1800+30"]

1. d4 d5 2. c4 e6 3. Nf3 a6 4. g3 dxc4 5. Bg2 Nc6 6. O-O Rb8 7. e4 Nf6 8. Nc3 Be7 9. Qe2 b5 {[%emt 0:00:07] 9...Nxd4 is vanishing. E04: Open Catalan: 5 Nf3.} 10. Rd1 O-O 11. d5 exd5 {[%emt 0:00:02] The position is equal.} 12. e5 $1 d4 {[%emt 0:00:06] Hoping for ...d3.} 13. exf6 Bxf6 14. Ne4 {[%emt 0:00:13] is currently scoring better than 14.Qe4.} Be7 15. b3 d3 $132 {[%emt 0:03:48][%mdl 2048] Black is not keeping still} 16. Qd2 Bb4 17. Qf4 c3 {[%emt 0:15:07][%cal Bc4c3,Bc3c2][%mdl 32] [#] And now ...c2 would win.} 18. Be3 $146 (18. Qe3 $11 {keeps the balance.} d2 19. a3 dxc1=B 20. Raxc1) ({Predecessor:} 18. Qe3 d2 19. a3 dxc1=Q 20. Raxc1 Bd6 21. Rxc3 Ne7 22. Nxd6 cxd6 23. Qa7 b4 24. axb4 Rxb4 {½-½ (30) Ottesen,S (2353)-Esen,N (2425) ICCF email 2014}) 18... c2 $17 19. Rf1 {[%emt 0:00:34] [#]} Qe7 ({Black should try} 19... h6 $1 $17 20. Bd2 Bxd2 21. Qxd2 Bg4) 20. Nfd2 (20. a3 $11 f5 21. Nf6+ Rxf6 22. axb4) 20... Bb7 {[%emt 0:03:33] Black is more active.} (20... f6 $142 {White must now prevent ...g5.} 21. Rae1 Kh8) 21. Qg5 $2 {[%emt 0:06:01][%mdl 8192] Now White is beyond hope.} (21. a3 $17 Bxa3 22. Qf5) 21... Qxg5 $19 {[%emt 0:07:21] Dancing on a razor blade.} 22. Nxg5 Bc3 {[%emt 0:02:27] ...Nd4 is the strong threat.} 23. Nge4 $2 (23. Rae1) 23... Bxa1 24. Rxa1 Nb4 25. a3 {[%emt 0:08:11] [#]} Na2 {[%emt 0:07:30][%mdl 512] Black is clearly winning.} 26. Nf1 {[%emt 0:00:14] [#]} (26. Nc5 Bxg2) 26... Rfe8 $1 27. f3 (27. Rxa2 Bxe4) 27... Bxe4 28. fxe4 Nc3 29. Re1 Nxe4 30. Bxe4 Rxe4 31. Kf2 {[%emt 0:00:07] [#]} Rxe3 {[%emt 0:02:10] Weighted Error Value: White=0.86/Black=0.16 (very precise)} 0-1

[Event "Israel-ch Semi-final 2022"]
[Site "Ramat Gan"]
[Date "2022.05.23"]
[Round "3.3"]
[White "Uritsky, Yonathan"]
[Black "Mordechai, Hanan"]
[Result "*"]
[WhiteElo "2072"]
[BlackElo "2313"]
[Annotator "TA"]
[PlyCount "35"]
[EventDate "2022.05.09"]
[EventType "swiss"]
[EventCountry "ISR"]
[SourceTitle "playchess.com"]
[Source "ChessBase"]
[SourceQuality "1"]
[TimeControl "40/5400+30:1800+30"]

1. d4 d5 2. c4 e6 3. Nf3 a6 4. g3 dxc4 5. Bg2 Nc6 6. O-O Rb8 7. e4 Nf6 8. Nc3 Be7 9. Qe2 {[%emt 0:00:28] [#] 9.d5 injects fresh life into this line.} {Predecessor:} b5 $146 {E04: Open Catalan: 5 Nf3.} 10. Rd1 O-O 11. d5 exd5 12. e5 d4 13. exf6 Bxf6 14. Ne4 Be7 15. b3 d3 16. Qd2 Bg4 17. Bb2 Bxf3 18. Bxf3 {½-½ (40) Matlakov,M (2682)-Rakhmanov,A (2657) Ufa 2021} *

[Event "Israel-ch Semi-final 2022"]
[Site "Ramat Gan"]
[Date "2022.05.23"]
[Round "3.4"]
[White "Tzidkiya, Yeshaayahu"]
[Black "Ribshtein, Nati"]
[Result "1-0"]
[ECO "B95"]
[WhiteElo "2430"]
[BlackElo "2286"]
[Annotator "TA"]
[PlyCount "67"]
[EventDate "2022.05.09"]
[EventType "swiss"]
[EventCountry "ISR"]
[SourceTitle "playchess.com"]
[Source "ChessBase"]
[SourceQuality "1"]
[TimeControl "40/5400+30:1800+30"]

1. e4 c5 2. Nf3 d6 3. Nc3 a6 4. d4 cxd4 5. Nxd4 Nf6 6. Bg5 e6 7. f3 b5 {[%emt 0:11:43] B95: Sicilian Najdorf: 6 Bg5 e6, unusual White 7th moves.} 8. Qd2 Nbd7 9. a3 Bb7 {[%emt 0:00:18] The position is equal.} (9... h6 $5 10. Be3 Bb7 $11) 10. g4 Rc8 11. O-O-O Be7 12. h4 Nb6 {[%emt 0:05:25] [#]} (12... O-O $11) 13. Qe1 $146 ({Predecessor:} 13. Rg1 O-O 14. h5 Qc7 15. Kb1 Rfe8 16. Qh2 Qb8 17. Bd2 Nfd7 18. g5 d5 19. e5 {1-0 (35) Nepustil,F (2355)-Boschma,B (2414) ICCF email 2010}) 13... h6 14. Be3 Nfd7 15. f4 d5 16. exd5 Nxd5 17. Nxd5 Bxd5 18. Rg1 Qc7 19. Bg2 (19. Kb1 $11) 19... Nb6 $15 20. Kb1 Qc4 {[%emt 0:02:41] ( -> ...Qa2+)} 21. Bxd5 Nxd5 22. Bc1 O-O {[%emt 0:12:48] Threatening ...b4.} 23. g5 {[%emt 0:02:15] aiming for gxh6.} hxg5 (23... h5 $11) 24. hxg5 $14 Bc5 $1 25. Qe4 {[%emt 0:04:13] Threatens to win with Rh1.} Ne7 $2 {[%emt 0:02:33] This costs Black the game.} (25... Rfe8 $16 {was necessary.}) 26. Rh1 $18 Nf5 27. b3 Qc3 (27... Qxd4 28. Rxd4 Bxd4) 28. Bb2 Qe3 29. Qxe3 Nxe3 30. Rd3 Bxd4 31. Bxd4 Nf5 {[%emt 0:00:25] [#]} (31... Ng4 $142 32. Rdh3 f6 33. gxf6 Nxf6 34. Bxf6 gxf6 35. Rg3+ Kf7 36. Rh7+ Ke8) 32. Bf6 $1 {[%emt 0:01:19][%mdl 512] White is clearly winning.} gxf6 33. gxf6 {[%emt 0:00:08][%cal Bg5f6,Bf6e7][%mdl 32] White wants to mate with Rdh3.} Ne7 34. fxe7 {[%emt 0:06:09] Weighted Error Value: White=0.27 (precise) /Black=0.29 (precise)} 1-0

[Event "Israel-ch Semi-final 2022"]
[Site "Ramat Gan"]
[Date "2022.05.23"]
[Round "3.5"]
[White "Chernomordik, Pavel"]
[Black "Ben Ari, Yannay"]
[Result "0-1"]
[ECO "B11"]
[WhiteElo "2178"]
[BlackElo "2409"]
[Annotator "TA"]
[PlyCount "70"]
[EventDate "2022.05.09"]
[EventType "swiss"]
[EventCountry "ISR"]
[SourceTitle "playchess.com"]
[Source "ChessBase"]
[SourceQuality "1"]
[TimeControl "40/5400+30:1800+30"]

1. e4 c6 2. Nc3 d5 3. Nf3 Bg4 4. h3 Bxf3 5. Qxf3 e6 6. Qg3 {[%emt 0:00:43] B11: Caro-Kann: Two Knights Variation.} Ne7 7. d3 Nd7 8. Be2 {[%emt 0:02:19] The position is equal.} g6 9. O-O Bg7 10. Kh1 O-O {[%emt 0:13:43] [#]} 11. Qh4 $146 ({Predecessor:} 11. f4 Kh8 12. Bf3 b5 13. a3 a5 14. Qe1 Rb8 15. Ne2 c5 16. c3 c4 17. d4 dxe4 18. Bxe4 {1-0 (69) McShane,L (2672)-Rodshtein,M (2674) Batumi 2018}) 11... b5 12. Bg5 f6 13. Bd2 d4 14. Nd1 e5 15. f4 exf4 16. Qxf4 f5 17. Qd6 fxe4 18. dxe4 Rxf1+ 19. Bxf1 Ne5 20. Qe6+ Kh8 21. Nf2 {[%emt 0:05:00] aiming for Bg5.} Ng8 22. a4 (22. Bf4 $14 Qe8 23. Qxe8 Rxe8 24. a4) 22... Qf8 $11 23. Kg1 Re8 24. Qb3 a6 25. axb5 axb5 26. Qg3 Qc5 27. Bd3 Nc4 {[%emt 0:01:01] Pair of Knights!} 28. b4 (28. Bxc4 $11 bxc4 29. Ra5) 28... Qe7 $15 29. Be1 (29. Bxc4 $11 {remains equal.} bxc4 30. Ra4) 29... Be5 $17 30. Qf3 Ne3 {[%emt 0:00:49] 0x0.001de015f40fdp-1022s more active pieces.} ({Better is} 30... Rf8 $17 31. Qe2 Ne3) 31. c3 $2 {[%emt 0:02:33][%mdl 8192] This move loses the game for White.} (31. Ng4 $11) 31... Rf8 $19 32. Qe2 Qg5 {[%emt 0:00:08][%csl Ge3][%cal Rg5g2] [#]} 33. Ng4 Nxg4 34. Qxg4 Qe3+ 35. Kh1 Qxd3 {[%emt 0:00:07] Weighted Error Value: White=0.68/Black=0.13 (very precise)} 0-1